Map: Newkirk Precinct TE (Void)

Players

PengWin - Winner!

  • Race: Zerg Zerg
  • Spawn Location: 5:00

TheoRy

  • Race: Protoss Protoss
  • Spawn Location: 7:00

Event: WCS Austin 2017

VOD

Have the link to the VOD?

Description

Time

  • Played on: April 28, 2017, 2:48 p.m.
  • Length: 4:38

All games in this series

Show
View Real Time Build Order
Export as new Build Order

PengWin Zerg - Winner!

Build Orders: Pool First 

Get SALT Encoding   

  12  0:18  Spawning Pool  
  11  0:22  Drone  
  11  0:27  Drone  
  13  0:30  Drone  
  14  0:40  Overlord  
  14  1:06  Zergling x6  
  17  1:19  Zergling x2  
  18  1:35  Hatchery  
  18  1:37  Zergling x2  
  18  1:47  Zergling x2  
  20  2:01  Hatchery  
  17  2:19  Zergling x6  
  19  2:33  Zergling x2  
  19  2:40  Hatchery  
  19  2:41  Zergling x2  
  19  2:42  Queen  
  21  2:51  Zergling x2  
  22  3:12  Queen  
  22  3:13  Zergling x2  
  22  3:18  Zergling x2  
  26  3:23  Zergling x4  
  27  3:38  Zergling x2  
  27  3:51  Queen  
  27  3:52  Queen  
  27  3:53  Zergling x2  
  30  4:06  Zergling x2  
  30  4:07  Zergling x4  
  30  4:18  Zergling x4  
  30  4:19  Zergling x2  
Show
View Real Time Build Order
Export as new Build Order

TheoRy Protoss 

Build Orders: 1 Gate Expand 

Get SALT Encoding   

  12  0:00  Probe (Chrono Boost)  
  13  0:11  Probe (Chrono Boost)  
  14  0:19  Pylon  
  14  0:22  Probe (Chrono Boost)  
  15  0:37  Probe (Chrono Boost)  
  15  0:42  Gateway  
  16  0:47  Probe (Chrono Boost)  
  16  0:49  Assimilator  
  17  0:58  Probe (Chrono Boost)  
  18  1:06  Pylon  
  18  1:08  Probe (Chrono Boost)  
  19  1:19  Probe (Chrono Boost)  
  19  1:23  Pylon  
  20  1:38  Nexus  
  20  1:50  Cybernetics Core  
  21  2:01  Zealot  
  22  2:37  Pylon x2  
  22  2:44  Pylon  
  22  2:47  Pylon  
  26  3:05  Mothership Core (Chrono Boost)  
  26  3:18  Pylon  
  26  3:28  Pylon  
  26  3:33  Probe (Chrono Boost)  
  26  3:38  Adept  
  26  3:42  Gateway  
  26  3:45  Probe (Chrono Boost)  
  25  3:57  Probe (Chrono Boost)  
  25  4:09  Probe (Chrono Boost)  
  26  4:21  Gateway  
Tags
 
Add a new tag
Caveats
  • Supply blocks, unpowered buildings, or Contaminate may cause inaccurate times.
  • Supply counts are checked every 10 seconds.